 Seeded DCSS version 0.30.1-4-g462c640d31 (webtiles) character file.

Game seed: 20230804 (custom seed)

36 AccursedSamuel the Sneak (level 3, 0/23 HPs)
             Began as a Tengu Delver on Aug 10, 2023.
             Succumbed to an adder's poison
             ... in a sewer.
             The game lasted 00:00:56 (271 turns).

AccursedSamuel the Sneak (Tengu Delver)              Turns: 271, Time: 00:00:57

Health: 0/23       AC:  3    Str: 14    XL:     3   Next: 37%
Magic:  4/4        EV: 12    Int: 13    God:
Gold:   17         SH:  0    Dex: 15    Spells: 2/2 levels left

rFire   . . .        i - +1 war axe of Kemuffou {freeze, Int+3}
rCold   . . .        (no shield)
rNeg    . . .        b - +0 leather armour
rPois   .            (helmet restricted)
rElec   .            (no cloak)
rCorr   .            (no gloves)
SInv    .            (boots unavailable)
Will    .....        (no amulet)
Stlth   +++          (no ring)
HPRegen 0.23/turn    (no ring)
MPRegen 0.09/turn

%: no passive effects
@: lethally poisoned (0 -> -4)
A: beak, talons 3
a: no special abilities


You were in a sewer.
You visited 1 branch of the dungeon, and saw 2 of its levels.
You also visited: Sewer.

You collected 17 gold pieces.

Inventory:

Hand Weapons
 a - a +0 falchion
 i - the +1 war axe of Kemuffou (weapon) {freeze, Int+3}
   (You found it on level 4 of the Dungeon)

   Int:       It affects your intelligence (+3).
Armour
 b - a +0 leather armour (worn)
Wands
 g - a wand of digging (3)
Scrolls
 c - a scroll of fog
 d - a scroll of magic mapping
 e - a scroll of fear
 h - a scroll of identify {unknown}
Potions
 f - a potion of haste


   Skills:
 + Level 3.2 Fighting
 + Level 2.3 Long Blades
 + Level 1.0 Axes
 + Level 0.4 Armour
 + Level 2.3 Dodging
 + Level 5.6 Stealth


You had 2 spell levels left.
You didn't know any spells.
Your spell library was empty.

Dungeon Overview and Level Annotations

Branches:
Dungeon (5/15)             Temple (0/1) D:5           Sewer (1/1)

Altars:


Innate Abilities, Weirdness & Mutations

You have a beak for a mouth.
You have claws for feet.


Message History

The adder is severely wounded.
You hit the adder but do no damage. The adder bites you but does no damage.
The adder misses you. The adder bites you but does no damage.
The adder barely misses you.
You hit the adder.
The adder seems to slow down.
You freeze the adder.
You kill the adder!
You closely miss the adder. The adder barely misses you.
You have reached level 3!
Your experience leads to an increase in your attributes!
Your base attributes are Str 12, Int 10, Dex 15.
Increase (S)trength, (I)ntelligence, or (D)exterity?
You feel stronger. x2
You slash the endoplasm! You freeze the endoplasm.
You kill the endoplasm!
You closely miss the adder.
The adder is no longer moving slowly.
The adder completely misses you. The adder bites you.
You enter the shallow water.
Moving in this stuff is going to be slow.
The adder barely misses you.
You closely miss the adder. Your peck misses the adder.
The adder is almost dead.
The adder bites you.
You are poisoned.
The adder poisons you! The adder bites you.
You are more poisoned.
The adder poisons you!
Your unstable footing causes you to fumble your attack.
You feel very sick. The adder bites you.
You are lethally poisoned!
The adder poisons you! The adder bites you.
* * * LOW HITPOINT WARNING * * *
You hit the adder. You freeze the adder.
You kill the adder!
* * * LOW HITPOINT WARNING * * *
You feel very sick.
Your Axes skill increases to level 1!
* * * LOW HITPOINT WARNING * * *
You feel very sick.
You die...

#############
####.~†~.@....~####
#~~~.~†.....~~†~~.##
#.....#########~~..~#
#.~~# ###...# ~~.
##..# ~~ #.~# #..#
###########~.#
#..~...~...~.#


There were no monsters in sight!

Vanquished Creatures
  3 adders
  A worm (D:4)
  An endoplasm (Sewer)
  A giant cockroach (Sewer)
  2 ball pythons (D:4)
  A kobold (D:4)
  A rat (D:4)
10 creatures vanquished.

Notes
Turn   | Place    | Note
-------+----------+-------------------------------------------
     0 | D:5      | AccursedSamuel the Tengu Delver began the quest for the
                  | Orb.
     0 | D:5      | Reached XP level 1. HP: 14/14 MP: 2/2
     7 | D:5      | Found a staircase to the Ecumenical Temple.
    92 | D:4      | Reached XP level 2. HP: 16/19 MP: 3/3
   138 | D:4      | Identified the +1 war axe of Kemuffou {freeze, Int+3}
   162 | D:4      | Found a glowing drain.
   188 | Sewer    | Entered a sewer
   265 | Sewer    | Reached XP level 3. HP: 16/23 MP: 4/4
   270 | Sewer    | Reached skill level 1 in Axes
   270 | Sewer    | HP: 1/23 [poisoned by an adder]
   271 | Sewer    | Succumbed to an adder's poison

Illustrated notes

Levels and vault maps discovered:
D:4:      layout_basic, gammafunk_temple_overflow_forgotten,
          portal_sewer_entry_b
D:5:      layout_rooms, mainiacjoe_overflow_two_lobes, temple_pool_b,
          serial_shops, nicolae_shop_window_shopping, ebering_ghost_inner_flame
Sewer:    sewer_hellmonk_slimy_pipes

Skill      XL: |  1  2  3 |
---------------+----------+-----
Axes           | 1 |  1.0
Fighting       | |  3.2
Long Blades    | |  2.3
Armour         | |  0.4
Dodging        | |  2.3
Stealth        | |  5.6

Action                     || total
---------------------------++-------
  Melee: Falchion          ||     5
         Kick              ||     5
         Peck              ||     3
         War axe           ||    17
 Armour: Leather armour    ||     7
  Dodge: Dodged            ||    21
